 Dungeon Crawl Stone Soup version 0.29-a0-356-g7bc237e783 (webtiles) character file.

Game seed: 9736692109811044289

27 Flugkiller the Skirmisher (level 3, -3/26 HPs)
             Began as an Octopode Cinder Acolyte on Apr 26, 2022.
             Was a High Priest of Ignis.
             Slain by a hobgoblin (5 damage)
             ... led by Robin
             ... on level 3 of the Dungeon.
             The game lasted 00:01:05 (1405 turns).

Flugkiller the Skirmisher (Octopode Cinder Acolyte) Turns: 1405, Time: 00:01:05

Health: -3/26      AC:  1    Str: 13    XL:     3   Next: 10%
Magic:  4/4        EV: 12    Int: 16    God:    Ignis [*****.]
Gold:   46         SH:  0    Dex:  9    Spells: 2/4 levels left

rFire   + + .      SeeInvis .   f - +2 dagger (venom)
rCold   + . .      Faith    .   (no shield)
rNeg    . . .      Spirit   .   (helmet restricted)
rPois   +          Reflect  .   (no amulet)
rElec   +          Harm     .   (no ring)
rCorr   +          Rampage  .   (no ring)
Will    .....                   (no ring)
Stlth   +++.......              (no ring)
HPRegen 0.08/turn               (no ring)
MPRegen 0.09/turn               (no ring)
                                (no ring)
                                (no ring)

@: resistant
A: almost no armour, amphibious, 8 rings, camouflage 1, gelatinous body 1,
(nimble swimmer 1), tentacles
a: Renounce Religion, Fiery Armour, Foxfire Swarm, Rising Flame


You were on level 3 of the Dungeon.
You worshipped Ignis.
Ignis was extremely pleased with you.
You visited 1 branch of the dungeon, and saw 3 of its levels.

You collected 46 gold pieces.

Inventory:

Hand Weapons
 a - a -1 spear of flaming
 f - a +2 dagger of venom (weapon)
   (You took it off a goblin on level 1 of the Dungeon)
Jewellery
 i - a ring of magical power
   (You found it on level 2 of the Dungeon)
Scrolls
 c - a scroll of fog
 r - a scroll of identify
Potions
 b - 3 potions of mutation
 g - a potion of heal wounds {unknown}
 h - a potion of berserk rage {unknown}
 j - a potion of flight {unknown}
 k - a potion of haste {unknown}


   Skills:
 + Level 3.4 Fighting
 - Level 3.0 Polearms
 + Level 1.3 Dodging
 + Level 2.1 Stealth
 - Level 1.0 Spellcasting
 - Level 3.0 Fire Magic


You had 2 spell levels left.
You knew the following spells:

 Your Spells              Type           Power      Damage    Failure   Level
a - Scorch                Fire           20%        2d6       10%         2

Your spell library contained the following spells:

 Spells                   Type           Power      Damage    Failure   Level


Dungeon Overview and Level Annotations

Branches:
Dungeon (3/15)

Altars:

Annotations:
D:3 Robin


Innate Abilities, Weirdness & Mutations

You cannot wear most types of armour.
You are amphibious.
You can wear up to eight rings at the same time.
Your skin changes colour to match your surroundings (Stealth+).
Your rubbery body absorbs attacks. (AC +1, EV +1)
((You are camouflaged when in or above water. (Stealth+)))
You have tentacles for arms and can constrict up to eight enemies at once.


Message History

The frilled lizard moves out of view.
You hit the frilled lizard.
The frilled lizard is poisoned.
You grab the frilled lizard.
The frilled lizard is heavily wounded.
You constrict the frilled lizard.
You kill the frilled lizard!
The goblin hits you with a +0 club.
You hit the goblin.
The goblin is poisoned.
Your grab misses the goblin.
The goblin is severely wounded.
The goblin hits you with a +0 club.
You hit the goblin.
You kill the goblin!
No target in view!
No target in view!
Things that are here:
a +0 club; a goblin corpse
d - 2 scrolls labelled SALOER BOTUSA (gained 1)
Found a ring mail.
Found a stone staircase leading up.
There is a stone staircase leading up here.
Found a dagger.
You see here a +0 dagger.
h - a smoky red potion No target in view!
No target in view!
No target in view!
Found a stone staircase leading down.
c - 2 scrolls labelled JELIURHOYL (gained 1)
There is a stone staircase leading down here.
i - a ring of magical power You now have 46 gold pieces (gained 12).
Found a bloodstained leather armour.
No target in view!
No target in view!
No target in view!
No target in view!
No target in view!
No target in view!
No target in view!
You see here the +1 leather armour of the Unseen Realm {-Cast Dex+5}.
j - a white potion
There is a stone staircase leading up here.
There is a stone staircase leading up here.
Done exploring.
Done exploring.
Done exploring.
(D) Dungeon
Where to? (Enter - D:2, ? - help)
There is a stone staircase leading up here.
There is a stone staircase leading down here.
You climb downwards.
There is a stone staircase leading up here.
Found an escape hatch in the floor.
k - a fuming purple potion A goblin comes into view.
It is wielding a +0 dagger.
A goblin is nearby!
A goblin is nearby!
A hobgoblin comes into view.
A hobgoblin comes into view.
The hobgoblin shouts!
The goblin shouts!
A hobgoblin comes into view. x2
You hear a shout! x2
Robin and a hobgoblin come into view.
The hobgoblin shouts!
A goblin comes into view. It is wielding a +0 club.
The hobgoblin shouts!
You hear a shout!
Robin throws the goblin at you!
You closely miss the goblin.
The goblin shouts!
You grab the goblin. You constrict the goblin.
The goblin hits you with a +0 dagger. The goblin barely misses you.
Robin throws the goblin at you! The goblin closely misses you.
You hit the goblin.
You kill the goblin!
The goblin barely misses you. The goblin hits you with a +0 dagger.
You are too injured to fight recklessly!
Unknown command.
As you read the scroll labelled SALOER BOTUSA, it crumbles to dust.
It is a scroll of identify.
b - 3 potions of mutation;
r - a scroll of identify The hobgoblin barely misses you. x2
A goblin comes into view. It is wielding a +0 dagger.
The goblin hits you with a +0 club. The goblin hits you with a +0 dagger.
Unknown command.
As you read the scroll labelled JELIURHOYL, it crumbles to dust.
The scroll dissolves into smoke.
It was a scroll of fog.
The hobgoblin hits you.
* * * LOW HITPOINT WARNING * * *
The hobgoblin barely misses you. The goblin barely misses you.
The goblin hits you with a +0 dagger.
* * * LOW HITPOINT WARNING * * *
Unknown command.
Unknown command.
It was a potion of resistance.
You feel protected. The hobgoblin hits you.
* * * LOW HITPOINT WARNING * * *
The hobgoblin hits you.
You die... ### ..g #g# .gg .# #..#.######.## .##. #..#..#.#... §gg

..... #..#..#...####g#
.....
#..#......>.§g@#......
.##..#.##.....§gg#......
.....#........§§...#
#.....#...####...#
#.#................#
#...<..................
..###...#...#########...
............. ..
........###### .


You could see 4 hobgoblins and 2 goblins.

Vanquished Creatures
  3 ball pythons
  3 endoplasms
  4 goblins
  2 hobgoblins
  2 jackals (D:1)
  2 quokkas
  2 bats
  3 frilled lizards
  A kobold (D:1)
  A rat (D:2)
23 creatures vanquished.

Notes
Turn   | Place    | Note
-------+----------+-------------------------------------------
     0 | D:1      | Flugkiller the Octopode Cinder Acolyte began the quest for
                  | the Orb.
     0 | D:1      | Reached XP level 1. HP: 16/16 MP: 2/2
   233 | D:1      | Reached skill level 1 in Stealth
   235 | D:1      | Reached XP level 2. HP: 21/21 MP: 3/3
   272 | D:1      | Learned a level 2 spell: Scorch
   397 | D:1      | You fall into a shaft and drop 1 floor!
   407 | D:2      | Reached skill level 1 in Dodging
   907 | D:2      | Reached XP level 3. HP: 20/26 MP: 4/4
  1254 | D:2      | Identified the +1 leather armour of the Unseen Realm {-Cast
                  | Dex+5}
  1399 | D:3      | Noticed Robin
  1405 | D:3      | Slain by a hobgoblin

Illustrated notes

Levels and vault maps discovered:
D:1:      dpeg_arrival_tiny_e, layout_rooms
D:2:      layout_loops_ring
D:3:      layout_basic, uniq_robin

Skill      XL: |  1  2 |
---------------+-------+-----
Stealth        | 1 2 |  2.1
Dodging        | 1 |  1.3
Fighting       | |  3.4
Polearms       | |  3.0
Spellcasting   | |  1.0
Fire Magic     | |  3.0

Action                   || total
-------------------------++-------
Melee: Spear             ||    35
       Tentacles         ||     4
       Dagger            ||    12
       Constrict         ||     8
       Punch             ||     1
  Use: Scroll            ||     2
       Potion            ||     1
 Stab: Sleeping          ||     5
Dodge: Dodged            ||    19

Table legend: (Time is in decaauts)
 A = Elapsed time spent in this place.
 B = Non-inter-level travel time spent in this place.
 C = Inter-level travel time spent in this place.
 D = Time resting spent in this place.
 E = Time spent auto-exploring this place.
 F = Levels seen in this place.
 G = Mean time per level.
                   A        B        C        D        E       F      G
               +--------+--------+--------+--------+--------+-----+--------+
         Total |   1403 |   1299 |    104 |    281 |    845 |   3 |  467.7 |
       Dungeon |   1403 |   1299 |    104 |    281 |    845 |   3 |  467.7 |
               +--------+--------+--------+--------+--------+-----+--------+

Top non-repeatable levels by time:
     D:2: 729 daAuts
     D:1: 653 daAuts
     D:3: 20 daAuts
